 Dungeon Crawl Stone Soup version 0.32-a0-913-g739538afd8 (webtiles) character file.

Game seed: 13408051615613412232

28 KennySheep the Sneak (level 3, -2/30 HPs)
             Began as an Armataur Delver on Apr 10, 2024.
             Slain by an iguana (9 damage)
             ... on level 4 of the Dungeon.
             The game lasted 00:04:00 (427 turns).

KennySheep the Sneak (Armataur Delver)               Turns: 427, Time: 00:04:00

Health: -2/30      AC:  4    Str: 17    XL:     3   Next: 0%
Magic:  3/3        EV:  8    Int: 10    God:
Gold:   9          SH:  0    Dex: 13    Spells: 2/2 levels left

rFire   . . .        a - +0 short sword
rCold   . . .        (no shield)
rNeg    . . .        b - +0 leather armour
rPois   .            (no helmet)
rElec   .            (no cloak)
rCorr   .            (no gloves)
SInv    .            (no barding)
Will    .....        (no amulet)
Stlth   +++          (no ring)
HPRegen 0.25/turn    (no ring)
MPRegen 0.08/turn

%: roll
@: no status effects
A: large, deformed body, tough skin 3, armoured tail, rollpage 1
a: no special abilities


You were on level 4 of the Dungeon.
You visited 1 branch of the dungeon, and saw 2 of its levels.

You collected 9 gold pieces.

Inventory:

Hand Weapons
 a - a +0 short sword (weapon)
Armour
 b - a +0 leather armour (worn)
Jewellery
 k - a ring of magical power
Wands
 g - a wand of digging (4)
Scrolls
 c - a scroll of fog
Potions
 i - a potion of attraction


   Skills:
 - Level 2.6 Fighting
 + Level 2.3 Short Blades
 - Level 1.3 Dodging
 * Level 6.2 Stealth


You had 2 spell levels left.
You didn't know any spells.
Your spell library was empty.

Dungeon Overview and Level Annotations

Branches:
Dungeon (5/15)             Temple (0/1) D:5

Altars:
Gozag


Innate Abilities, Weirdness & Mutations

Armour fits poorly on your strangely shaped body.
You have extremely tough skin. (AC +3)
You have a long armoured tail.
You regenerate magic when rolling toward enemies. (Rampage MPRegen)


Message History

The iguana is heavily wounded.
The iguana bites you.
Okay, then.
You hit the iguana but do no damage.
The iguana is heavily wounded.
You barely miss the iguana.
The iguana is heavily wounded.
The iguana completely misses you.
You hit the iguana.
The iguana is heavily wounded.
The iguana bites you.
You hit the iguana but do no damage.
The iguana is heavily wounded.
The iguana bites you.
You closely miss the iguana.
The iguana is heavily wounded.
The iguana barely misses you.
You hit the iguana but do no damage.
You tail-slap the iguana, but do no damage.
The iguana is heavily wounded.
The iguana bites you.
You hit the iguana but do no damage.
The iguana is heavily wounded.
The iguana bites you.
* * * LOW HITPOINT WARNING * * *
You hit the iguana.
The iguana is severely wounded.
The iguana closely misses you.
You hit the iguana.
The iguana is almost dead.
You hit the iguana but do no damage.
The iguana is almost dead.
The iguana completely misses you.
You hit the iguana but do no damage.
The iguana is almost dead.
The iguana closely misses you.
You hit the iguana but do no damage.
The iguana is almost dead.
The iguana bites you!
You die...

#.# #.# #.# #.#
#.# #.# #l#
################@#
.................#
##################


You could see an iguana.

Vanquished Creatures
  An adder (D:4)
  A ribbon worm (D:4)
  4 orcs (D:4)
  A ball python (D:4)
  An endoplasm (D:4)
  3 jackals (D:4)
  2 kobolds (D:4)
13 creatures vanquished.

Vanquished Creatures (others)
  A gnoll bouda (D:4)
1 creature vanquished.

Grand Total: 14 creatures vanquished

Notes
Turn   | Place    | Note
-------+----------+-------------------------------------------
     0 | D:5      | KennySheep the Armataur Delver began the quest for the Orb.
     0 | D:5      | Reached XP level 1. HP: 18/18 MP: 1/1
     8 | D:5      | Noticed a water moccasin
   122 | D:5      | Noticed an ice beast
   135 | D:5      | Noticed an iguana
   141 | D:4      | Killed a gnoll bouda
   210 | D:4      | Reached XP level 2. HP: 21/25 MP: 2/2
   242 | D:4      | Found an opulent altar of Gozag.
   267 | D:4      | Reached skill level 6 in Stealth
   285 | D:4      | Noticed a black bear
   377 | D:4      | Reached XP level 3. HP: 30/30 MP: 3/3
   427 | D:4      | Slain by an iguana

Illustrated notes

Levels and vault maps discovered:
D:4:      layout_basic, pdpol_temple_overflow_zin_treasury_gozag_greed,
          nicolae_overflow_crystal_walls, minivault_5
D:5:      layout_cave_pools, nicolae_qazlal_scattered_showers, temple_pool_b,
          eino_curves_01, minivault_11, uniq_ijyb

Skill      XL: |  1  2 |
---------------+-------+-----
Short Blades   | 2 |  2.3
Stealth        | 6 |  6.2
Fighting       | |  2.6
Dodging        | |  1.3

Action                     || total
---------------------------++-------
  Melee: Short sword       ||    55
         Tailslap          ||     7
    Use: Scroll            ||     3
         Potion            ||     3
   Stab: Sleeping          ||     8
 Armour: Leather armour    ||    43
  Dodge: Dodged            ||    18

Table legend: (Time is in decaauts)
 A = Elapsed time spent in this place.
 B = Non-inter-level travel time spent in this place.
 C = Inter-level travel time spent in this place.
 D = Time resting spent in this place.
 E = Time spent auto-exploring this place.
 F = Levels seen in this place.
 G = Mean time per level.
                   A        B        C        D        E       F      G
               +--------+--------+--------+--------+--------+-----+--------+
         Total |    400 |    377 |     23 |     67 |     12 |   2 |  200.0 |
       Dungeon |    400 |    377 |     23 |     67 |     12 |   2 |  200.0 |
               +--------+--------+--------+--------+--------+-----+--------+

Top non-repeatable levels by time:
     D:4: 256 daAuts
     D:5: 144 daAuts
